Map: Slaying Fields

Players

Sprite - Winner!

  • Race: Terran Terran
  • League: Gold
  • Spawn Location: 9:00

Saúl - Winner!

  • Race: Protoss Protoss
  • Spawn Location: 12:00

Beast - Winner!

  • Race: Zerg Zerg
  • Spawn Location: 11:00

DeMonSter

  • Race: Protoss Protoss
  • Spawn Location: 3:00

Amix

  • Race: Zerg Zerg
  • League: Platinum
  • Spawn Location: 5:00

Sayan

  • Race: Protoss Protoss
  • Spawn Location: 6:00

VOD

Have the link to the VOD?

Description

Time

  • Played on: Nov. 12, 2016, 4:57 p.m.
  • Length: 18:29
Show
View Real Time Build Order
Export as new Build Order

Sprite Terran - Winner!

Build Orders: MMM Bio 

Get SALT Encoding   

  12  0:03  SCV  
  13  0:15  SCV  
  13  0:20  Supply Depot  
  14  0:27  SCV  
  15  0:43  SCV  
  15  0:44  Barracks  
  16  0:55  SCV  
  17  1:07  SCV  
  18  1:19  SCV  
  19  1:31  Orbital Command  
  19  1:33  Command Center  
  19  1:35  Marine  
  20  1:54  Marine  
  21  2:08  SCV  
  22  2:16  Marine  
  22  2:20  SCV  
  22  2:21  Refinery  
  24  2:32  SCV, Command Center  
  24  2:39  Marine  
  24  2:41  Barracks  
  24  2:43  Refinery  
  25  2:50  Orbital Command  
  25  3:02  SCV  
  26  3:11  Barracks Tech Lab  
  26  3:14  SCV  
  26  3:18  SCV  
  28  3:26  SCV  
  29  3:27  Factory  
  29  3:30  SCV  
  29  3:31  Marine  
  31  3:38  SCV  
  32  3:44  Orbital Command  
  32  3:46  SCV  
  33  3:59  SCV  
  34  4:02  Marine  
  34  4:03  Marine  
  34  4:04  Stimpack  
  34  4:05  SCV  
  37  4:10  SCV  
  37  4:11  SCV  
  39  4:19  SCV  
  39  4:22  Refinery, SCV  
  39  4:23  Factory Reactor  
  41  4:26  SCV  
  41  4:27  Starport  
  42  4:31  Engineering Bay  
  42  4:32  SCV  
  42  4:33  Engineering Bay  
  42  4:34  SCV  
  42  4:37  Marine, Marauder  
  47  4:38  SCV  
  47  4:44  SCV  
  49  4:50  Supply Depot  
  49  4:51  Barracks  
  49  4:52  Supply Depot  
  49  4:53  SCV  
  49  4:54  Barracks, SCV  
  49  4:58  Terran Infantry Weapons Level 1  
  49  4:59  Terran Infantry Armor Level 1  
  51  5:00  Refinery  
  51  5:04  Marine x2  
  53  5:12  SCV  
  53  5:13  SCV  
  55  5:16  SCV  
  55  5:17  Armory  
  56  5:26  Supply Depot x2  
  56  5:32  SCV x2  
  56  5:33  SCV  
  56  5:34  Barracks Reactor  
  59  5:38  Barracks Tech Lab  
  59  5:40  Barracks  
  59  5:44  SCV x2  
  59  5:45  SCV  
  59  5:47  Medivac  
  64  5:56  SCV  
  64  5:57  SCV x2  
  66  5:59  Combat Shields  
  67  6:08  SCV  
  67  6:09  SCV  
  69  6:12  Concussive Shells  
  69  6:13  Refinery, SCV  
  69  6:16  Command Center  
  69  6:17  Medivac x2  
  74  6:22  Marine x3, Marauder  
  74  6:23  Marauder  
  81  6:31  Terran Ship Weapons Level 1, SCV  
  81  6:32  SCV x2  
  84  6:40  Marine  
  84  6:42  Refinery  
  84  6:43  Marine x2, SCV  
  84  6:44  Marauder, SCV  
  84  6:46  Marauder  
  93  6:52  Marine  
  94  6:56  SCV  
  94  6:58  Marine  
  96  7:01  Marine, Supply Depot  
  96  7:02  Supply Depot  
  96  7:03  Supply Depot  
  96  7:04  Supply Depot  
  96  7:05  Marauder  
  96  7:06  Supply Depot x2  
  96  7:08  Terran Infantry Weapons Level 2  
  99  7:10  Terran Infantry Armor Level 2  
  99  7:16  Supply Depot  
  99  7:17  Barracks x2  
  99  7:22  Marine x2, Marauder  
  101  7:23  Marine x2  
  101  7:25  Medivac  
  101  7:26  Marine  
  108  7:32  Orbital Command  
  108  7:36  Missile Turret  
  108  7:40  SCV x2  
  103  7:51  Marine x2  
  103  7:52  Marine x4  
  103  7:54  Medivac  
  103  7:55  Medivac  
  106  8:09  Marine x2  
  106  8:11  Marine x2  
  99  8:15  Missile Turret  
  99  8:16  Marine x2  
  99  8:24  Viking  
  99  8:25  Viking, Missile Turret x2  
  98  8:29  Missile Turret  
  80  8:35  Marine  
  80  8:36  Marine x5  
  80  8:37  Marine  
  81  8:58  Viking x2  
  85  9:04  Starport  
  85  9:06  Starport  
  80  9:17  Terran Ship Weapons Level 2  
  80  9:28  Terran Infantry Armor Level 3, Terran Infantry Weapons Level 3, Viking  
  82  9:32  Command Center  
  82  9:44  Command Center  
  82  9:47  Marine x2  
  82  9:48  Marine, Marauder x2  
  89  9:59  Command Center  
  83  10:20  Viking x2  
  83  10:21  Viking  
  89  10:22  Medivac  
  89  10:23  Marine x5, Marauder x2  
  89  10:44  Marauder  
  89  10:50  Marine x6, Marauder, Medivac  
  89  10:51  Planetary Fortress  
  97  10:59  Viking, Medivac x2  
  103  11:06  Marauder  
  103  11:07  Marine  
  103  11:08  Marine  
  109  11:11  Marauder  
  109  11:20  Viking  
  111  11:27  Marauder  
  111  11:29  Viking  
  111  11:31  Orbital Command  
  115  11:56  Missile Turret  
  106  12:38  Marauder x2, Marine  
  106  12:39  Marine x5  
  116  12:52  Missile Turret  
  116  13:00  Marauder x2  
  116  13:03  Missile Turret  
  119  13:09  Viking x4  
  127  13:15  Terran Ship Weapons Level 3  
  127  13:21  Marauder x2  
  124  13:30  Command Center  
  118  13:39  Viking x4  
  126  13:42  Marauder  
  110  14:04  Marine x3, Marauder x2  
  110  14:05  Marine x3  
  110  14:09  Viking x4  
  124  14:25  Marauder x2  
  122  14:47  Marauder  
  122  14:52  SCV  
  116  15:00  Missile Turret  
  116  15:04  SCV  
  112  15:07  Marine x6  
  112  15:08  Marine  
  112  15:11  Refinery  
  112  15:12  Refinery  
  119  15:15  Factory  
  119  15:16  SCV  
  119  15:20  Missile Turret  
  72  17:22  Marine  
  74  17:23  Marauder x2, Marine x5  
  80  17:34  Command Center  
  80  17:36  Command Center  
  80  17:38  Starport  
  80  17:40  Marine, Starport  
  80  17:41  Starport  
  80  17:42  Command Center, Starport x2  
  81  18:04  Marine x4  
  81  18:05  Marine x4  
  81  18:15  Starport Reactor  
  81  18:16  Starport Reactor  
  77  18:20  Starport Reactor x2  
  84  18:27  Starport Reactor  
Show
View Real Time Build Order
Export as new Build Order

Saúl Protoss - Winner!

Build Orders: Oracle Opening 

Get SALT Encoding   

  12  0:04  Probe (Chrono Boost)  
  13  0:14  Probe (Chrono Boost)  
  14  0:21  Pylon  
  14  0:27  Assimilator  
  14  0:29  Probe (Chrono Boost)  
  15  0:48  Gateway  
  15  0:56  Forge  
  15  1:03  Probe (Chrono Boost)  
  16  1:07  Assimilator  
  16  1:13  Probe (Chrono Boost)  
  17  1:32  Probe (Chrono Boost)  
  18  1:42  Probe (Chrono Boost)  
  18  1:46  Cybernetics Core  
  19  1:49  Pylon  
  19  1:53  Photon Cannon  
  19  2:04  Probe (Chrono Boost)  
  20  2:14  Probe (Chrono Boost)  
  21  2:26  Stargate  
  21  2:28  Stargate  
  21  2:53  Pylon  
  21  3:11  Oracle (Chrono Boost)  
  27  3:16  Oracle (Chrono Boost)  
  27  3:42  Probe  
  28  3:48  Photon Cannon  
  28  3:54  Probe  
  28  4:41  Void Ray (Chrono Boost)  
  36  4:46  Void Ray (Chrono Boost)  
  36  5:07  Photon Cannon  
  36  5:20  Nexus  
  36  5:21  Pylon  
  36  5:25  Pylon  
  36  5:31  Void Ray (Chrono Boost)  
  39  6:35  Void Ray (Chrono Boost)  
  47  6:41  Void Ray (Chrono Boost)  
  47  6:42  Photon Cannon  
  47  6:49  Stargate  
  47  7:03  Probe  
  48  7:12  Void Ray (Chrono Boost), Stargate  
  48  7:14  Probe  
  53  7:17  Pylon  
  53  7:24  Probe  
  53  7:25  Photon Cannon  
  54  7:35  Probe  
  55  7:45  Probe  
  56  7:56  Probe  
  51  8:29  Void Ray (Chrono Boost)  
  63  8:35  Void Ray x2 (Chrono Boost)  
  63  9:02  Phoenix (Chrono Boost)  
  65  9:06  Phoenix (Chrono Boost)  
  67  9:29  Fleet Beacon  
  67  9:43  Photon Cannon  
  67  9:45  Assimilator  
  67  9:46  Probe, Pylon  
  67  9:48  Assimilator  
  68  9:57  Probe  
  53  10:07  Probe  
  50  10:22  Phoenix (Chrono Boost)  
  50  10:25  Phoenix x2 (Chrono Boost)  
  36  10:54  Anion Pulse-Crystals  
  36  10:56  Phoenix (Chrono Boost)  
  42  11:13  Phoenix (Chrono Boost)  
  42  11:14  Phoenix (Chrono Boost)  
  42  11:16  Photon Cannon  
  42  11:18  Pylon  
  42  11:36  Phoenix (Chrono Boost)  
  46  11:40  Phoenix (Chrono Boost)  
  43  12:32  Mothership Core  
  43  12:35  Pylon  
  45  12:37  Photon Cannon  
  44  12:48  Photon Cannon  
  29  13:07  Phoenix x2 (Chrono Boost)  
  29  13:08  Pylon  
  29  13:10  Pylon  
  29  13:14  Phoenix (Chrono Boost)  
  29  13:15  Probe  
  29  13:16  Phoenix (Chrono Boost)  
  30  13:21  Pylon  
  30  13:27  Probe  
  30  13:28  Pylon  
  31  13:38  Phoenix (Chrono Boost)  
  33  14:12  Phoenix (Chrono Boost)  
  33  14:16  Phoenix x2 (Chrono Boost)  
  39  14:52  Phoenix (Chrono Boost)  
  39  14:56  Phoenix x3 (Chrono Boost)  
  35  15:24  Phoenix (Chrono Boost)  
  35  15:28  Phoenix (Chrono Boost)  
  39  15:41  Phoenix x2 (Chrono Boost)  
  39  15:42  Protoss Air Weapons Level 1  
  43  15:47  Probe  
  44  15:59  Probe  
  45  16:20  Phoenix (Chrono Boost)  
  45  16:24  Phoenix x2 (Chrono Boost)  
  41  17:52  Phoenix (Chrono Boost)  
  41  17:55  Phoenix x2 (Chrono Boost)  
  41  17:56  Phoenix (Chrono Boost)  
Show
View Real Time Build Order
Export as new Build Order

Beast Zerg - Winner!

Build Orders: Pool First 

Get SALT Encoding   

  12  0:10  Drone  
  12  0:11  Drone  
  14  0:24  Overlord  
  14  0:35  Extractor  
  13  0:37  Drone  
  14  0:44  Drone x2  
  16  0:55  Drone  
  17  1:06  Spawning Pool  
  16  1:12  Drone  
  17  1:23  Hatchery  
  16  1:38  Drone x3, Extractor  
  18  1:55  Overlord  
  18  1:57  Roach Warren  
  17  2:14  Overlord x2  
  17  2:26  Queen  
  19  2:42  Drone  
  19  2:43  Drone x2  
  22  2:52  Roach  
  22  2:58  Roach  
  26  3:02  Drone  
  27  3:13  Roach x2  
  31  3:26  Drone x3  
  34  3:35  Roach x2  
  38  3:42  Queen  
  38  3:44  Roach  
  38  3:47  Roach  
  44  3:56  Roach  
  44  3:57  Roach  
  44  3:59  Roach  
  44  4:02  Overlord  
  50  4:20  Roach  
  50  4:21  Evolution Chamber  
  50  4:22  Roach x2  
  50  4:23  Roach  
  57  4:26  Overlord  
  57  4:41  Lair  
  57  4:43  Pneumatized Carapace  
  57  4:46  Overlord  
  57  4:49  Drone x2  
  59  5:00  Roach x3  
  59  5:06  Zerg Melee Weapons Level 1  
  65  5:13  Roach x2  
  69  5:25  Overlord x2  
  69  5:36  Roach x3  
  69  5:38  Overlord  
  39  6:45  Hydralisk Den, Overlord x3  
  28  7:04  Extractor  
  27  7:13  Drone x3  
  30  7:24  Hydralisk x7  
  44  7:31  Zerg Missile Weapons Level 1  
  44  7:35  Drone  
  45  7:44  Hydralisk  
  45  7:45  Hydralisk x3  
  53  7:53  Hydralisk x4  
  61  8:05  Hydralisk x4  
  61  8:06  Hydralisk  
  71  8:17  Hatchery  
  70  8:21  Hydralisk  
  70  8:22  Hydralisk x2  
  76  8:35  Hydralisk x3  
  64  8:50  Hydralisk x3  
  64  8:56  Zergling x2  
  64  8:57  Zergling x4  
  67  9:14  Hydralisk x3  
  73  9:19  Metabolic Boost  
  73  9:31  Overlord x2  
  73  9:41  Zerg Ground Armor Level 1  
  73  9:47  Drone x4  
  52  10:09  Hydralisk x3  
  52  10:10  Hydralisk x2  
  58  10:26  Hydralisk x3  
  50  10:39  Extractor  
  50  10:40  Hydralisk x2  
  50  10:41  Hydralisk  
  55  10:55  Drone  
  54  11:06  Zergling x10  
  54  11:07  Zergling x2  
  54  11:11  Drone x5  
  65  11:25  Muscular Augments  
  65  11:27  Roach x3  
  71  11:37  Hydralisk x2, Roach x2  
  61  12:04  Hydralisk x5  
  66  12:10  Hydralisk x2  
  69  12:33  Hydralisk x3  
  69  12:37  Zergling x10  
  76  12:38  Zergling x12  
  86  12:48  Zergling x2  
  86  12:49  Zergling x6  
  90  13:05  Hydralisk x3  
  90  13:06  Hydralisk  
  98  13:17  Hydralisk x3  
  104  13:23  Drone x2  
  104  13:26  Drone  
  104  13:27  Drone x2  
  109  13:37  Hydralisk x2  
  113  13:46  Drone  
  114  13:56  Zerg Melee Weapons Level 2  
  112  14:23  Hydralisk x3  
  112  14:24  Hydralisk x2  
  118  14:36  Hydralisk  
  107  14:43  Roach  
  107  14:44  Roach x2  
  105  14:55  Zergling x4  
  105  14:56  Zergling x6  
  80  15:15  Hydralisk  
  80  15:16  Hydralisk x2  
  80  15:21  Roach x2  
  80  15:37  Extractor  
  80  15:40  Extractor  
  78  15:49  Zergling x2  
  79  15:50  Zergling x16  
  87  15:58  Hatchery  
  86  16:09  Evolution Chamber  
  85  16:11  Zerg Missile Weapons Level 2  
  85  16:19  Hydralisk x2  
  85  16:20  Hydralisk  
  91  16:30  Hydralisk  
  83  16:59  Hydralisk x5  
  83  17:00  Hydralisk  
  85  17:09  Hydralisk x2  
  81  17:18  Hydralisk x2  
  77  17:41  Hydralisk x2  
  77  17:42  Hydralisk x3  
Show
View Real Time Build Order
Export as new Build Order

DeMonSter Protoss 

Build Orders: Blink Stalkers 

Get SALT Encoding   

  12  0:01  Probe (Chrono Boost)  
  13  0:18  Pylon  
  13  0:19  Probe (Chrono Boost)  
  14  0:29  Probe (Chrono Boost)  
  15  0:36  Gateway  
  15  0:42  Assimilator  
  15  0:47  Probe (Chrono Boost)  
  16  0:58  Probe (Chrono Boost)  
  17  1:09  Probe (Chrono Boost)  
  18  1:13  Gateway  
  18  1:24  Cybernetics Core  
  18  1:30  Assimilator  
  18  1:36  Probe (Chrono Boost)  
  19  1:48  Probe (Chrono Boost)  
  20  1:58  Probe (Chrono Boost)  
  21  2:07  Adept  
  23  2:17  Warp Gate (Chrono Boost)  
  23  2:23  Pylon  
  23  2:41  Adept  
  26  2:45  Mothership Core  
  27  2:52  Twilight Council  
  27  3:23  Nexus  
  27  3:27  Probe, Pylon  
  27  3:30  Blink (Chrono Boost)  
  28  3:39  Probe  
  29  3:52  Probe  
  29  3:53  Zealot x2  
  32  4:04  Probe  
  32  4:05  Pylon  
  31  4:16  Probe  
  28  4:22  Stalker x2  
  25  4:29  Probe  
  25  4:51  Probe  
  26  4:59  Probe  
  26  5:05  Probe  
  28  5:10  Probe  
  29  5:20  Probe  
  29  5:21  Probe  
  31  5:32  Probe  
  11  6:22  Probe  
  11  6:23  Probe  
  11  6:32  Probe  
  11  6:35  Probe  
  13  6:43  Probe  
  14  7:26  Probe  
  14  7:27  Probe  
  16  7:37  Probe  
  16  7:40  Pylon  
  17  7:47  Probe  
  17  7:48  Probe  
  19  8:01  Probe  
  19  8:02  Probe  
  21  8:12  Probe  
  22  8:22  Probe  
  22  8:23  Probe  
  23  8:33  Probe  
  23  8:34  Probe  
  24  8:38  Pylon  
  25  8:46  Probe  
  26  9:00  Gateway  
  26  9:01  Gateway  
  26  9:04  Pylon  
  26  9:05  Stalker x2  
  30  9:12  Probe  
  30  9:13  Probe  
  32  9:23  Probe  
  32  9:29  Stalker  
  32  9:30  Stalker  
  37  9:33  Probe  
  38  9:41  Probe  
  39  9:49  Probe  
  40  9:54  Stalker x2  
  44  10:02  Stalker x2  
  46  10:17  Stalker x2  
  48  10:40  Stalker x2  
  48  10:41  Stalker x2  
  54  10:54  Probe  
  54  10:55  Probe  
  56  11:06  Stalker x2  
  56  11:07  Stalker x2  
  56  11:08  Probe  
  51  11:35  Stalker x3  
  51  11:36  Stalker  
  59  11:44  Probe  
  59  11:46  Probe  
  61  11:53  Forge  
  61  11:54  Forge  
  59  12:36  Probe  
  60  12:42  Probe  
  60  12:48  Probe  
  62  12:53  Probe  
  63  13:12  Protoss Ground Weapons Level 1 (Chrono Boost)  
  63  13:15  Protoss Ground Armor Level 1 (Chrono Boost)  
  63  13:17  Assimilator  
  63  13:18  Templar Archives  
  63  13:21  Assimilator  
  63  13:22  Stalker x3  
  69  13:37  Pylon  
  69  13:39  Pylon  
  69  13:41  Pylon  
  69  13:42  Pylon  
  69  13:50  Psionic Storm  
  69  13:58  Zealot x4  
  77  14:10  Gateway x2  
  77  14:13  Gateway  
  77  14:14  Gateway  
  77  14:15  Gateway x2  
  77  14:20  Gateway  
  77  14:21  Gateway  
  64  14:50  High Templar x4  
  67  14:54  Archon x2  
  61  15:12  Zealot  
  61  15:13  Zealot x2  
  55  15:33  High Templar  
  57  15:39  Probe  
  24  16:10  High Templar x4  
  24  16:11  High Templar x4  
  21  16:42  Archon x4  
  21  16:45  Probe  
Show
View Real Time Build Order
Export as new Build Order

Amix Zerg 

Build Orders: Pool First 

Get SALT Encoding   

  12  0:03  Drone  
  13  0:08  Drone  
  14  0:15  Extractor  
  14  0:16  Drone  
  15  0:27  Extractor  
  14  0:35  Spawning Pool  
  13  0:37  Drone  
  14  0:45  Overlord  
  14  0:53  Drone, Extractor  
  15  1:06  Drone  
  15  1:07  Drone  
  17  1:31  Hatchery  
  16  1:44  Metabolic Boost  
  16  1:54  Spine Crawler  
  15  1:55  Drone x2  
  15  1:56  Drone  
  18  2:10  Queen  
  20  2:19  Evolution Chamber  
  20  2:22  Drone  
  20  2:41  Drone  
  20  2:42  Drone x2  
  23  2:50  Zerg Melee Weapons Level 1  
  23  2:54  Overlord  
  23  3:01  Drone x2  
  25  3:07  Queen  
  25  3:11  Drone  
  28  3:14  Zergling x2  
  28  3:16  Overlord  
  29  3:27  Lair  
  29  3:29  Zergling x4  
  29  3:31  Overlord  
  32  3:34  Drone  
  32  3:37  Zergling x2  
  32  3:39  Zergling x2  
  32  3:40  Zergling x2  
  35  3:49  Drone x2  
  37  3:57  Spore Crawler  
  37  4:01  Spore Crawler  
  36  4:02  Drone  
  36  4:03  Drone x3  
  39  4:10  Extractor  
  39  4:14  Drone x2, Extractor  
  39  4:25  Drone x4  
  39  5:04  Drone x6  
  44  5:21  Hydralisk Den  
  43  5:26  Spore Crawler  
  43  5:27  Spore Crawler  
  41  5:32  Spire  
  40  5:36  Drone x4  
  40  5:41  Extractor  
  43  5:47  Zergling x2  
  43  5:48  Zergling x2  
  45  5:52  Hatchery  
  45  5:56  Zerg Ground Armor Level 1  
  44  5:58  Zergling x4  
  44  5:59  Zergling x4  
  48  6:04  Hydralisk, Zergling x2  
  51  6:26  Overlord x5  
  51  6:51  Mutalisk x6  
  51  6:53  Drone  
  64  7:02  Zergling x6  
  64  7:03  Zergling x2  
  68  7:09  Drone x3  
  68  7:10  Drone  
  68  7:11  Extractor  
  68  7:13  Queen x2  
  68  7:14  Queen, Extractor  
  76  7:18  Mutalisk  
  78  7:27  Zerg Flyer Weapons Level 1  
  78  7:43  Mutalisk x2  
  78  7:44  Mutalisk  
  82  7:45  Zergling x4  
  82  7:46  Zergling x12  
  82  7:49  Queen x2  
  96  8:08  Zergling x2  
  97  8:28  Queen  
  97  8:29  Queen  
  97  8:32  Queen  
  63  8:56  Mutalisk x5  
  63  8:57  Mutalisk x2  
  63  8:58  Zergling x4  
  63  8:59  Zergling x8  
  81  9:04  Queen  
  81  9:05  Pneumatized Carapace  
  81  9:07  Drone x3  
  81  9:08  Queen  
  88  9:19  Hydralisk x2  
  88  9:20  Hydralisk  
  88  9:22  Zergling x6  
  91  9:41  Mutalisk x4  
  98  9:45  Overlord x2  
  98  9:46  Overlord x4  
  98  10:06  Hydralisk x2  
  98  10:07  Hydralisk x5  
  93  10:42  Mutalisk x2  
  91  10:43  Mutalisk x6  
  91  10:45  Zergling x8  
  91  10:46  Zergling x2  
  112  11:09  Zergling x12  
  118  11:21  Hydralisk x2  
  118  11:22  Hydralisk  
  124  11:32  Mutalisk x3  
  124  11:33  Mutalisk x2  
  134  11:43  Drone x3  
  134  11:44  Drone  
  133  12:08  Mutalisk x4  
  125  13:13  Mutalisk x2  
  125  13:14  Mutalisk x8  
  145  13:21  Overlord x2  
  70  15:06  Mutalisk x8  
  70  15:07  Mutalisk  
  85  15:22  Drone x2  
  85  15:23  Drone x2  
  89  15:35  Drone x3  
  92  15:52  Zerg Ground Armor Level 2  
  59  16:33  Mutalisk x6  
  41  17:27  Mutalisk x5  
  41  17:28  Mutalisk  
  43  17:42  Mutalisk  
Show
View Real Time Build Order
Export as new Build Order

Sayan Protoss 

Build Orders: Nexus First 

Get SALT Encoding   

  12  0:02  Probe (Chrono Boost)  
  13  0:13  Probe (Chrono Boost)  
  14  0:24  Pylon  
  14  0:30  Probe (Chrono Boost)  
  16  0:43  Probe (Chrono Boost)  
  16  0:53  Probe (Chrono Boost)  
  17  1:02  Nexus  
  17  1:07  Probe (Chrono Boost)  
  18  1:15  Assimilator  
  18  1:19  Assimilator  
  18  1:20  Probe (Chrono Boost)  
  19  1:32  Gateway  
  19  1:41  Probe (Chrono Boost)  
  20  1:52  Probe (Chrono Boost)  
  20  1:53  Pylon  
  21  1:57  Pylon  
  21  2:02  Probe (Chrono Boost)  
  22  2:13  Probe (Chrono Boost)  
  24  2:15  Probe (Chrono Boost)  
  24  2:24  Probe (Chrono Boost)  
  24  2:26  Probe (Chrono Boost)  
  24  2:28  Cybernetics Core  
  26  2:33  Assimilator  
  26  2:34  Probe (Chrono Boost)  
  26  2:36  Probe (Chrono Boost)  
  28  2:38  Assimilator  
  28  2:45  Probe (Chrono Boost)  
  28  2:47  Probe (Chrono Boost)  
  30  2:55  Probe (Chrono Boost)  
  30  2:57  Probe (Chrono Boost)  
  32  3:06  Probe (Chrono Boost)  
  32  3:08  Probe (Chrono Boost)  
  32  3:11  Stargate  
  34  3:17  Mothership Core (Chrono Boost)  
  34  3:18  Stargate  
  36  3:20  Probe (Chrono Boost)  
  37  3:28  Pylon  
  37  3:31  Probe (Chrono Boost)  
  38  3:35  Protoss Air Weapons Level 1  
  38  3:37  Probe (Chrono Boost)  
  39  3:41  Probe (Chrono Boost)  
  39  3:48  Probe (Chrono Boost)  
  41  3:50  Pylon  
  41  3:52  Probe (Chrono Boost)  
  42  4:01  Void Ray (Chrono Boost)  
  46  4:10  Void Ray (Chrono Boost)  
  50  4:26  Forge  
  50  4:28  Pylon  
  50  4:30  Probe x2, Pylon  
  52  4:42  Probe x2, Void Ray (Chrono Boost)  
  58  4:52  Void Ray (Chrono Boost)  
  62  4:58  Protoss Shields Level 1  
  62  5:17  Probe x2  
  62  5:19  Void Ray (Chrono Boost)  
  68  5:29  Warp Gate, Probe  
  68  5:33  Nexus  
  69  5:36  Pylon  
  69  5:37  Probe  
  69  5:39  Pylon  
  69  5:41  Probe  
  69  5:42  Pylon  
  71  5:52  Void Ray (Chrono Boost)  
  75  6:00  Void Ray (Chrono Boost)  
  79  6:10  Stargate  
  79  6:13  Probe x2  
  79  6:14  Photon Cannon  
  81  6:25  Probe x2  
  83  6:34  Photon Cannon  
  83  6:36  Photon Cannon  
  83  6:38  Photon Cannon  
  83  6:39  Photon Cannon  
  83  6:44  Photon Cannon  
  83  6:56  Photon Cannon  
  83  7:00  Photon Cannon  
  83  7:01  Photon Cannon, Assimilator  
  83  7:02  Probe x2  
  83  7:05  Assimilator  
  83  7:07  Probe  
  86  7:14  Probe, Void Ray (Chrono Boost)  
  86  7:15  Probe  
  92  7:20  Twilight Council  
  92  7:23  Protoss Air Armor Level 1  
  92  7:29  Fleet Beacon  
  92  7:35  Void Ray (Chrono Boost)  
  96  7:39  Void Ray (Chrono Boost)  
  92  8:18  Void Ray x3 (Chrono Boost)  
  100  8:34  Probe x3  
  103  8:44  Photon Cannon x2  
  103  8:46  Probe x2  
  103  8:47  Probe  
  106  8:51  Photon Cannon, Protoss Shields Level 2  
  106  8:55  Void Ray x3 (Chrono Boost)  
  118  8:56  Photon Cannon  
  118  9:01  Cybernetics Core  
  114  9:17  Protoss Air Weapons Level 2  
  114  9:33  Carrier (Chrono Boost)  
  120  9:39  Protoss Air Armor Level 2  
  120  9:42  Pylon  
  120  9:43  Pylon  
  120  9:46  Pylon  
  120  9:49  Pylon  
  120  9:55  Carrier (Chrono Boost)  
  120  9:57  Carrier (Chrono Boost)  
  79  10:20  Mothership Core  
  72  10:46  Probe x3  
  72  10:47  Void Ray (Chrono Boost)  
  79  10:51  Pylon  
  79  10:53  Pylon  
  79  10:58  Probe x3  
  82  11:07  Pylon  
  82  11:09  Void Ray (Chrono Boost)  
  82  11:10  Probe, Void Ray (Chrono Boost)  
  91  11:13  Nexus  
  91  11:15  Pylon  
  91  11:18  Pylon  
  91  11:20  Assimilator  
  91  11:23  Assimilator  
  91  11:24  Carrier (Chrono Boost)  
  97  11:38  Assimilator  
  96  12:48  Carrier x2 (Chrono Boost)  
  114  12:58  Nexus  
  114  12:59  Carrier (Chrono Boost)  
  100  14:02  Carrier x2 (Chrono Boost)  
  118  14:25  Carrier (Chrono Boost)  
  117  15:15  Pylon  
  117  15:35  Carrier (Chrono Boost)  
  124  16:54  Carrier (Chrono Boost)  
Tags
 
Add a new tag
Caveats
  • Supply blocks, unpowered buildings, or Contaminate may cause inaccurate times.
  • Supply counts are checked every 10 seconds.